 Dungeon Crawl Stone Soup version 0.27.1-15-g792fb953b9 (webtiles) character file.

Game seed: 1270273727764801110

4 zeram the Sneak (level 1, -2/14 HPs)
             Began as an Octopode Brigand on Nov 19, 2021.
             Slain by a quokka (4 damage)
             ... on level 1 of the Dungeon.
             The game lasted 00:00:26 (35 turns).

zeram the Sneak (Octopode Brigand)                    Turns: 35, Time: 00:00:27

Health: -2/14      AC:  1    Str: 10    XL:     1   Next: 60%
Magic:  1/1        EV: 12    Int: 13    God:
Gold:   0          SH:  0    Dex: 13    Spells: 0/0 levels left

rFire    . . .     SeeInvis .   a - +2 dagger
rCold    . . .     Faith    .   (no shield)
rNeg     . . .     Spirit   .   (helmet restricted)
rPois    .         Reflect  .   (no amulet)
rElec    .         Harm     .   (no ring)
rCorr    .         Rampage  .   (no ring)
Will     .....                  (no ring)
Stlth    ++++......             (no ring)
HPRegen  0.04/turn              (no ring)
MPRegen  0.07/turn              (no ring)
                                (no ring)
                                (no ring)

@: no status effects
A: almost no armour, amphibious, 8 rings, camouflage 1, gelatinous body 1,
(nimble swimmer 1), tentacles
a: no special abilities


You were on level 1 of the Dungeon.
You visited 1 branch of the dungeon, and saw 1 of its levels.

Inventory:

Hand Weapons
 a - a +2 dagger (weapon)
Missiles
 b - 8 poisoned darts (quivered)
 c - 2 curare-tipped darts


   Skills:
 - Level 2.0 Fighting
 + Level 2.4 Short Blades
 - Level 2.0 Throwing
 - Level 1.0 Dodging
 - Level 5.3 Stealth


You couldn't memorise any spells.
You didn't know any spells.
Your spell library was empty.

Dungeon Overview and Level Annotations

Branches:
Dungeon (1/15)

Altars:


Innate Abilities, Weirdness & Mutations

You cannot wear most types of armour.
You are amphibious.
You can wear up to eight rings at the same time.
Your skin changes colour to match your surroundings (Stealth+).
Your rubbery body absorbs attacks. (AC +1, EV +1)
((You are camouflaged near water. (Stealth+)))
You have tentacles for arms and can constrict up to eight enemies at once.


Message History

Found a short sword.
A ball python comes into view.
A bat comes into view.
The kobold shouts! x2; The ball python hisses angrily.
The bat misses you. The kobold hits you with a +0 dagger.
You hit the kobold. Your grab misses the kobold.
Your squeeze misses the kobold.
The kobold is severely wounded.
The bat barely misses you. The kobold hits you with a +0 dagger.
You are too injured to fight recklessly!
You are too injured to fight recklessly!
You are too injured to fight recklessly!
Unknown command.
The bat misses you. The quokka closely misses you. The bat closely misses you.
The bat hits you. The kobold hits you with a +0 dagger.
* * * LOW HITPOINT WARNING * * *
The bat barely misses you.
You hit the bat. Your grab misses the bat.
The bat is severely wounded.
The bat misses you.
You hit the bat.
You kill the bat!
The rat bites you.
* * * LOW HITPOINT WARNING * * *
You aren't carrying any potions.
You aren't carrying any scrolls.
You closely miss the rat. You grab the rat.
You constrict the rat, but do no damage.
The rat bites you.
* * * LOW HITPOINT WARNING * * *
You hit the rat. Your squeeze misses the rat.
The rat is severely wounded.
You constrict the rat.
You kill the rat!
You hit the ball python.
You kill the ball python!
You barely miss the quokka. Your grab misses the quokka. The quokka bites you.
You die...

#...#.≈≈.# #.<.#....#
............### #...#....#
........$.....# ###......#
..............
####...######.............
##....##..!.#...........
#.....#..####...........
##.......).†#K.........#
#.........@rK.........#
#..........#.........##
#.......(..##........#
############.?........#
#..........# #..........#
#..........# #.......)..#


You could see a quokka and 2 kobolds.

Vanquished Creatures
  2 ball pythons (D:1)
  A bat (D:1)
  A frilled lizard (D:1)
  2 rats (D:1)
6 creatures vanquished.

Notes
Turn   | Place    | Note
-------+----------+-------------------------------------------
     0 | D:1      | zeram the Octopode Brigand began the quest for the Orb.
     0 | D:1      | Reached XP level 1. HP: 14/14 MP: 1/1
    35 | D:1      | Slain by a quokka

Illustrated notes

Levels and vault maps discovered:
D:1:      amcnicky_arrival_single_pillar, layout_rooms

Action                   || total
-------------------------++-------
Melee: Dagger            ||    12
       Constrict         ||     2
       Tentacles         ||     1
Dodge: Dodged            ||    10
